 Dungeon Crawl Stone Soup version 0.30-a0-782-ge64f9170bb (webtiles) character file.

Game seed: 70664939797550553

345 theswoord the Skirmisher (level 6, -8/34 HPs)
             Began as a Deep Elf Hunter on Feb 23, 2023.
             Mangled by an ice beast (14 damage)
             ... on level 5 of the Dungeon.
             The game lasted 00:04:05 (4069 turns).

theswoord the Skirmisher (Deep Elf Hunter)          Turns: 4069, Time: 00:04:05

Health: -8/34      AC:  8    Str: 10    XL:     6   Next: 32%
Magic:  8/8        EV: 12    Int: 14    God:
Gold:   161        SH:  0    Dex: 18    Spells: 5/5 levels left

rFire   + . .      SeeInvis .    a - +0 shortbow (flame)
rCold   . . .      Faith    .    (shield currently unavailable)
rNeg    . . .      Spirit   .    c - +0 leather armour
rPois   .          Reflect  .    (no helmet)
rElec   .          Harm     .    i - +1 cloak
rCorr   .          Rampage  .    n - +2 pair of gloves
Will    .....                    (no boots)
Stlth   ++                       (no amulet)
HPRegen 0.25/turn                d - ring of protection from fire
MPRegen 0.11/turn                (no ring)

@: mighty
A: no striking features
a: no special abilities


You were on level 5 of the Dungeon.
You visited 1 branch of the dungeon, and saw 5 of its levels.

You collected 161 gold pieces.

Inventory:

Hand Weapons
 a - a +0 shortbow of flaming (weapon)
 h - a +0 whip
Armour
 c - a +0 leather armour (worn)
 i - a +1 cloak (worn)
 n - a +2 pair of gloves (worn)
Jewellery
 d - a ring of protection from fire (left hand)
 k - a ring of flight
Wands
 r - a wand of roots (2)
Scrolls
 b - 2 scrolls of immolation
 g - a scroll of enchant armour
 o - a scroll of fear
 q - a scroll of acquirement {unknown}
Potions
 e - 4 potions of cancellation
 j - a potion of magic
 l - a potion of heal wounds {unknown}
 m - 2 potions of haste {unknown}
 p - a potion of berserk rage {unknown}


   Skills:
 - Level 1.5 Fighting
 + Level 10.1 Ranged Weapons
 - Level 2.4 Dodging
 - Level 1.2 Stealth


You had 5 spell levels left.
You didn't know any spells.
Your spell library contained the following spells:

 Spells                   Type           Power      Damage    Failure   Level
 Sting                    Tmut/Pois      0%         1d3       36%         1
 Poisonous Vapours        Pois/Air       0%         N/A       52%         2
 Summon Guardian Golem    Hex/Summ       0%         N/A       75%         3
 Olgreb's Toxic Radiance  Pois           0%         N/A       98%         4
 Orb of Destruction       Conj           0%         9d5       100%        7
 Spellforged Servitor     Conj/Summ      0%         N/A       100%        7


Dungeon Overview and Level Annotations

Branches:
Dungeon (5/15)
 Temple: D:4-7

Altars:
Elyvilon
Gozag
Okawaru
Sif Muna
Uskayaw
Vehumet
Xom

Shops:
D:4 !


Message History

Done exploring.
Done exploring.
No target in view!
(D) Dungeon
Where to? (Enter - D:4 @ (x,y), ? - help)
There is a stone staircase leading down here.
You climb downwards.
Found a cloak and 14 gold pieces.
There is a stone staircase leading up here.
An ice beast is nearby!
An ice beast is nearby!
An ice beast is nearby!
You shoot an arrow. The arrow hits the ice beast!
The arrow melts the ice beast.
Okay, then.
You shoot an arrow. The arrow barely misses the ice beast.
The ice beast closely misses you.
You shoot an arrow. The arrow hits the ice beast.
The arrow melts the ice beast.
The ice beast closely misses you.
You shoot an arrow. The arrow closely misses the ice beast.
A white imp comes into view.
The ice beast hits you. The ice beast freezes you!
You shoot an arrow. The arrow closely misses the ice beast.
The white imp shouts, "Begone, thou gleeking sow-suckled wagtail!"
The ice beast hits you.
* * * LOW HITPOINT WARNING * * *
The ice beast freezes you!
* * * LOW HITPOINT WARNING * * *
You shoot an arrow.
The arrow hits the ice beast but does no damage.
The ice beast closely misses you.
It was a potion of might.
You feel very mighty all of a sudden.
The white imp shouts, "Slither away, thou quaking tip-merry cross-patch!"
The ice beast hits you but does no damage.
It was a potion of magic.
Magic courses through your body. The ice beast hits you.
* * * LOW HITPOINT WARNING * * *
The ice beast freezes you!
You die...

#####
...
#Y#
#@#
#.##
.$.
###5
#. #.
.. ..


You could see an ice beast and a white imp.

Vanquished Creatures
  A scorpion (D:4)
  2 orc priests (D:4)
  2 jellies (D:3)
  Ijyb (D:4)
  3 adders
  An ufetubus (D:3)
  A worm (D:4)
  3 dart slugs
  9 orcs
  7 bats
  13 endoplasms
  5 giant cockroaches
  7 goblins
  3 hobgoblins
  7 jackals
  13 kobolds
  4 quokkas
  6 ball pythons
  3 frilled lizards
  2 rats (D:2)
93 creatures vanquished.

Vanquished Creatures (others)
  3 fungi
  2 plants (D:2)
  5 toadstools (D:3)
10 creatures vanquished.

Grand Total: 103 creatures vanquished

Notes
Turn   | Place    | Note
-------+----------+-------------------------------------------
     0 | D:1      | theswoord the Deep Elf Hunter began the quest for the Orb.
     0 | D:1      | Reached XP level 1. HP: 12/12 MP: 3/3
   111 | D:1      | Reached skill level 6 in Ranged Weapons
   111 | D:1      | Reached XP level 2. HP: 16/16 MP: 4/4
   844 | D:2      | Found a shimmering altar of Xom.
   891 | D:2      | Reached XP level 3. HP: 20/20 MP: 5/5
  1136 | D:2      | Reached skill level 7 in Ranged Weapons
  1177 | D:2      | Found a faded altar of an unknown god.
  1696 | D:3      | Reached XP level 4. HP: 25/25 MP: 6/6
  2233 | D:3      | Reached skill level 8 in Ranged Weapons
  2275 | D:3      | Reached XP level 5. HP: 18/29 MP: 7/7
  3021 | D:4      | Reached skill level 9 in Ranged Weapons
  3159 | D:4      | Reached XP level 6. HP: 34/34 MP: 8/8
  3358 | D:4      | Found Atsuxops's Distillery.
  3643 | D:4      | Found an iron altar of Okawaru.
  3643 | D:4      | Found a radiant altar of Vehumet.
  3650 | D:4      | Found a white marble altar of Elyvilon.
  3652 | D:4      | Found a hide-covered altar of Uskayaw.
  3654 | D:4      | Found a shimmering blue altar of Sif Muna.
  3817 | D:4      | Noticed Ijyb
  3830 | D:4      | Killed Ijyb
  3831 | D:4      | Reached skill level 10 in Ranged Weapons
  3911 | D:4      | Found an opulent altar of Gozag.
  4061 | D:5      | Entered Level 5 of the Dungeon
  4061 | D:5      | Noticed an ice beast
  4069 | D:5      | Mangled by an ice beast

Skill      XL: |  1  2  3  4  5  6 |
---------------+-------------------+-----
Ranged Weapons | 6 7 8 9 10 | 10.1
Fighting       | |  1.5
Dodging        | |  2.4
Stealth        | |  1.2

Action                     |  1- 3 |  4- 6 || total
---------------------------+-------+-------++-------
   Fire: Shortbow          |    96 |   144 ||   240
    Use: Scroll            |     7 |     2 ||     9
         Potion            |       |     3 ||     3
 Armour: Leather armour    |    13 |    20 ||    33
  Dodge: Dodged            |    33 |    27 ||    60

Levels and vault maps discovered:
D:1:      enne_arrival_octagon_isle, layout_basic
D:2:      minmay_alternating_diamond, layout_loops_ring,
          shapermc_ecumenical_altar_acropolis, basic_altar,
          kennysheep_small_spiral, minmay_hedge_maze
D:3:      cheibrodos_fertilizer, layout_basic
D:4:      layout_basic, mainiacjoe_overflow_alcove_2,
          chequers_temple_overflow_minitemple, serial_shops, shop_fountains,
          minmay_misc_feat_tower, uniq_ijyb
D:5:      layout_basic, worldfamousw_hep_ancestral_shrine,
          nicolae_overflow_hidden_temple, minmay_temple_entry_trees
